 Dungeon Crawl Stone Soup version 0.17-a0-1633-g92a3a4e (webtiles) character file.

70 Ekaitz the Insei (level 4, 0/29 HPs)
             Began as an Octopode Transmuter on Aug 3, 2015.
             Slain by porpoise's ghost (1 damage)
             ... on level 3 of the Dungeon on Aug 4, 2015.
             The game lasted 00:04:35 (2351 turns).

Ekaitz the Insei (Octopode Transmuter)              Turns: 2351, Time: 00:04:35

Health: 0/29       AC:  1    Str: 10    XL:     4   Next: 22%
Magic:  16/16      EV: 12    Int: 20    God:
Gold:   75         SH:  0    Dex: 12    Spells: 3 memorised, 1 level left

rFire  . . .     SeeInvis .       - Unarmed
rCold  . . .     Clarity  .     (no shield)
rNeg   . . .     SustAt   .     (helmet restricted)
rPois  .         Gourm    .     (no amulet)
rElec  .         Spirit   .     j - ring of magical power
rCorr  .         Warding  .     (no ring)
rMut   .         Stasis   .     (no ring)
MR     .....                    (no ring)
Stlth  +++.......               (no ring)
                                (no ring)
                                (no ring)
                                (no ring)

@: brilliant, lethally poisoned (0 -> -23), appendage (expiring), not resistant
to hostile enchantments, fairly stealthy
A: almost no armour, amphibious, 8 rings, constrict 8, tentacle spike 3,
camouflage 1, gelatinous body 1
a: End Transformation


You were on level 3 of the Dungeon.
You were not hungry.
One of your tentacles had a temporary spike.
You visited 1 branch of the dungeon, and saw 3 of its levels.

You collected 75 gold pieces.

Inventory:

Missiles
 a - 31 arrows
 h - 33 poisoned needles
 t - 7 needles of paralysis
Armour
 k - a +0 buckler
Jewellery
 j - a ring of magical power (left tentacle)
Scrolls
 g - a scroll of blinking {unknown}
 l - a scroll of fear {unknown}
 n - a scroll of noise {unknown}
 o - 5 scrolls of identify {unknown}
 p - a scroll of amnesia {unknown}
 q - a scroll of teleportation {unknown}
Potions
 d - a potion of resistance {unknown}
 e - a potion of brilliance
 i - a potion of mutation {unknown}
 r - a potion of heal wounds {unknown}
 u - a potion of lignification {unknown}
Books
 b - a book of Changes

   Spells                             Type                      Level
   a - Beastly Appendage              Transmutation                1
   b - Sticks to Snakes               Transmutation                2
   c - Spider Form                    Transmutation/Poison         3
   d - Ice Form                       Ice/Transmutation            4
   e - Blade Hands                    Transmutation                5
Comestibles
 c - 2 bread rations
 f - 2 meat rations


   Skills:
 * Level 1.7 Fighting
 + Level 2.1 Dodging
 + Level 1.3 Stealth
 * Level 3.9 Unarmed Combat
 + Level 2.2 Spellcasting
 * Level 2.4 Transmutations
 + Level 0.5 Poison Magic


You had one spell level left.
You knew the following spells:

 Your Spells              Type           Power        Failure   Level  Hunger
a - Beastly Appendage     Trmt           ###...       1%          1    #......
b - Sticks to Snakes      Trmt           ###.......   1%          2    ##.....
c - Spider Form           Trmt/Pois      ###.......   3%          3    ###....


Dungeon Overview and Level Annotations

Branches:
Dungeon (3/15)

Altars:

Annotations:
D:3 porpoise's ghost, average OpCj


Innate Abilities, Weirdness & Mutations

You cannot wear most types of armour.
You are amphibious.
You can wear up to eight rings at the same time.
You can use your tentacles to constrict eight enemies at once.
Your skin changes colour to match your surroundings (Stealth).
Your rubbery body absorbs attacks (AC +1).
One of your tentacles bears a large vicious spike.


Message History

You barely miss porpoise's ghost.
Your tentacle spike misses porpoise's ghost.
Porpoise's ghost is heavily damaged.
You feel sick.
Porpoise's ghost says, "I will blast you to bits."
Porpoise's ghost hits you.
You are lethally poisoned!
You closely miss porpoise's ghost.
You pierce porpoise's ghost, but do no damage.
Porpoise's ghost is heavily damaged.
You feel sick.
Porpoise's ghost stares at you and mumbles some strange words.
The spray of energy hits you!
* * * LOW HITPOINT WARNING * * *
Drink which item? (? for menu, Esc to quit)
It was a potion of brilliance.
You feel clever all of a sudden.
Your transformation is almost over.
* * * LOW HITPOINT WARNING * * *
You feel sick. Porpoise's ghost hits you.
You die...

# #####
.#
.!.##.#
.....
#..#
#.W#
#.@#
#.##
....
###..
#..#
...#
.... ##


You could see porpoise's ghost.

Vanquished Creatures
  3 adders (D:2)
  An ooze (D:2)
  2 worms (D:2)
  A ball python (D:1)
  3 bats
  4 hobgoblins (D:2)
  2 jackals (D:2)
  A giant cockroach (D:2)
  4 giant newts
  6 goblins (D:2)
  2 kobolds (D:2)
  3 quokkas (D:2)
  4 rats
36 creatures vanquished.

Notes
Turn   | Place    | Note
--------------------------------------------------------------
     0 | D:1      | Ekaitz the Octopode Transmuter began the quest for the Orb.
     0 | D:1      | Reached XP level 1. HP: 13/13 MP: 3/3
   409 | D:2      | Reached XP level 2. HP: 1/18 MP: 5/5
   695 | D:2      | Learned a level 2 spell: Sticks to Snakes
   897 | D:2      | Reached XP level 3. HP: 5/23 MP: 6/6
  1057 | D:2      | Learned a level 3 spell: Spider Form
  1335 | D:2      | Reached skill level 1 in Stealth
  1384 | D:2      | Reached XP level 4. HP: 18/29 MP: 7/7
  2061 | D:3      | Noticed porpoise's ghost (average OpCj)
  2351 | D:3      | HP: 1/29 [poisoned by porpoise's ghost]
  2351 | D:3      | Slain by porpoise's ghost

Vault maps used:
D:1:      dpeg_arrival_long_road
D:2:      kennysheep_generic_room_4
D:3:      first_bread, nicolae_gozag_seed_capital

Action                   |  1- 3 |  4- 6 || total
-------------------------+-------+-------++-------
Melee: Unarmed           |    65 |    31 ||    96
 Cast: Beastly Appendage |     3 |     2 ||     5
       Spider Form       |     4 |       ||     4
  Use: Potion            |       |     1 ||     1
 Stab: Sleeping          |     9 |     1 ||    10
  Eat: Chunk             |     2 |     2 ||     4
       Beef jerky        |       |     1 ||     1
